AoeStats
← 暗魔陰蒂

Black Forest

507885408Analyzed
4v4 RM · 11d ago on Sep 20, 2026· 82m 36s· 8 players
Game mode
Random Map
Map size
Large (8 player)
Population
200
Speed
Normal
Resources
Standard
Victory
Conquest
Starting age
Dark Age
Ending age
Imperial Age
RankedLock teamsTeams togetherTeam positionsShared explorationLock speedFull tech treeHidden civsTurbo modeCheats
Victory
Defeat
🇲🇽 Slavs · Mexico
688
+11
🇲🇽 Persians · Mexico
659
+12
🇮🇩 Franks · Indonesia
646
+13
🇲🇽 Khmer · Mexico
645
+13
🇨🇳 Goths · China
626
-14
🇦🇷 Lithuanians · Argentina
585
-13
🇵🇪 Franks · Peru
579
-12
🇹🇼 Chinese · Taiwan
510
-10
MHR.MK
11:09 Feudal Age
20:20 Castle Age
19:43 Double-Bit Axe
24:38 Wheelbarrow
27:07 Man-at-Arms
27:34 Gambesons
28:06 Long Swordsman
38:37 Hand Cart
45:33 Caravan
48:56 Imperial Age
48:22 Bow Saw
49:01 Elite Throwing Axeman
51:38 Scale Barding Armor
51:34 Scale Mail Armor
51:44 Forging
51:37 Padded Archer Armor
51:27 Fletching
53:39 Pikeman
54:19 Squires
54:05 Arson
54:13 Arson
54:29 Squires
53:49 Pikeman
55:43 Halberdier
暗魔陰蒂
0:45 Loom
21:25 Feudal Age
21:57 Double-Bit Axe
22:51 Wheelbarrow
21:58 Horse Collar
23:00 Gold Mining
23:12 Arson
29:58 Castle Age
29:10 Stone Mining
32:01 Gold Shaft Mining
33:35 Bow Saw
33:59 Heavy Plow
34:26 Hand Cart
33:58 Town Watch
36:05 Stone Shaft Mining
37:16 Masonry
37:02 Murder Holes
37:17 Fortified Wall
37:29 Ballistics
38:12 Caravan
38:43 Coinage
43:19 Imperial Age
40:35 Town Watch
40:54 Great Wall
42:34 Elite Skirmisher
43:19 Thumb Ring
42:35 Crossbowman
43:22 Man-at-Arms
43:22 Pikeman
44:02 Squires
46:03 Banking
45:54 Forging
45:44 Scale Mail Armor
45:49 Scale Barding Armor
45:45 Padded Archer Armor
46:35 Husbandry
46:51 Light Cavalry
47:42 Bloodlines
46:52 Cavalier
47:45 Arrowslits
47:51 Heated Shot
48:11 Fortified Wall
48:32 Architecture
49:12 Two-Man Saw
48:18 Arbalester
48:24 Heavy Cavalry Archer
49:35 Long Swordsman
49:36 Elite Fire Lancer
49:54 Sappers
52:15 Iron Casting
51:55 Chain Mail Armor
52:01 Chain Barding Armor
51:31 Fletching
51:56 Leather Archer Armor
52:51 Halberdier
52:51 Two-Handed Swordsman
56:14 Blast Furnace
55:44 Plate Mail Armor
55:50 Plate Barding Armor
54:56 Elite Chu Ko Nu
55:56 Rocketry
55:57 Conscription
58:33 Capped Ram
58:33 Heavy Rocket Cart
58:34 Heavy Scorpion
63:44 Chemistry
62:35 Guard Tower
62:45 Bodkin Arrow
63:05 Siege Ram
74:26 Champion
Luciano24cm
5:54 Loom
9:21 Feudal Age
9:48 Double-Bit Axe
20:37 Castle Age
18:36 Horse Collar
19:11 Gold Mining
21:53 Bow Saw
26:11 Fervor
32:21 Imperial Age
30:51 Wheelbarrow
30:01 Town Watch
30:50 Town Patrol
31:26 Coinage
31:18 Heavy Plow
32:06 Hand Cart
31:51 Stone Mining
32:27 Onager
33:43 Crop Rotation
34:24 Two-Man Saw
34:00 Scale Barding Armor
34:06 Forging
35:58 Chain Barding Armor
36:13 Iron Casting
35:29 Fletching
35:40 Padded Archer Armor
36:07 Bloodlines
35:58 Husbandry
35:41 Elite Leitis
37:06 Stone Shaft Mining
40:04 Banking
39:35 Caravan
39:46 Guilds
44:16 Plate Barding Armor
44:36 Hill Forts
44:36 Tower Shields
45:11 Hoardings
44:56 Conscription
44:53 Fortified Wall
44:39 Murder Holes
44:54 Clinker Construction
44:55 Careening
44:55 Masonry
44:36 Guard Tower
45:47 Chemistry
57:04 Carvel Hull
57:04 Dry Dock
57:20 Keep
62:55 Bombard Tower
62:56 Ballistics
62:26 Heated Shot
62:17 Treadmill Crane
63:07 Architecture
Good night
1:37 Loom
14:27 Feudal Age
20:36 Castle Age
18:25 Horse Collar
19:32 Gold Mining
24:04 Double-Bit Axe
24:12 Stone Mining
30:43 Scale Mail Armor
30:54 Forging
31:11 Husbandry
32:24 Chain Mail Armor
33:54 Masonry
35:57 Anarchy
39:48 Imperial Age
38:34 Heavy Plow
39:26 Iron Casting
40:37 Bow Saw
41:10 Wheelbarrow
40:03 Elite Huskarl
41:39 Stone Shaft Mining
41:52 Perfusion
43:43 Two-Man Saw
43:50 Blast Furnace
44:18 Architecture
44:37 Hand Cart
51:39 Caravan
karzmoy
0:55 Loom
20:10 Feudal Age
21:23 Wheelbarrow
20:40 Double-Bit Axe
20:38 Horse Collar
20:52 Gold Mining
20:56 Stone Mining
21:25 Town Watch
25:56 Castle Age
29:49 Hand Cart
34:15 Imperial Age
32:19 Town Patrol
33:18 Heavy Plow
33:45 Bow Saw
34:27 Stone Shaft Mining
34:57 Gold Shaft Mining
34:55 Caravan
35:41 Conscription
36:17 Elite War Elephant
37:10 Scale Barding Armor
37:16 Forging
40:11 Onager
42:52 Iron Casting
42:49 Chain Barding Armor
55:17 Husbandry
55:30 Bloodlines
tomoe
1:18 Loom
18:21 Feudal Age
23:40 Castle Age
28:00 Horse Collar
28:21 Double-Bit Axe
28:47 Heavy Plow
29:43 Husbandry
29:56 Bloodlines
29:08 Light Cavalry
32:08 Gold Mining
32:09 Stone Mining
32:36 Bow Saw
33:32 Wheelbarrow
35:36 Tusk Swords
37:37 Gold Shaft Mining
37:38 Stone Shaft Mining
42:00 Imperial Age
40:44 Hand Cart
41:24 Caravan
41:39 Forging
41:29 Scale Mail Armor
41:35 Scale Barding Armor
41:30 Padded Archer Armor
41:21 Fletching
42:16 Ballistics
42:28 Town Watch
44:15 Crop Rotation
45:16 Chemistry
45:03 Siege Engineers
45:24 Chain Mail Armor
45:29 Chain Barding Armor
45:25 Leather Archer Armor
45:05 Bodkin Arrow
45:46 Iron Casting
45:42 Conscription
44:43 Elite Ballista Elephant
45:28 Double Crossbow
45:14 Capped Ram
50:22 Siege Ram
63:25 Ring Archer Armor
62:55 Bracer
63:56 Blast Furnace
78:19 Town Patrol
Azteca Beleren
0:31 Loom
18:47 Feudal Age
20:24 Wheelbarrow
19:39 Double-Bit Axe
19:37 Horse Collar
21:39 Man-at-Arms
28:47 Forging
28:43 Scale Barding Armor
28:53 Forging
28:44 Scale Mail Armor
28:38 Gold Mining
38:56 Castle Age
39:13 Stone Mining
40:04 Hand Cart
40:01 Bow Saw
39:56 Heavy Plow
40:35 Gold Shaft Mining
46:31 Imperial Age
44:49 Iron Casting
44:30 Chain Mail Armor
43:44 Long Swordsman
44:31 Squires
43:54 Pikeman
46:34 Fortified Wall
46:41 Town Watch
46:38 Two-Handed Swordsman
46:45 Halberdier
48:20 Town Patrol
48:49 Siege Engineers
49:46 Chemistry
49:10 Ballistics
50:01 Blast Furnace
49:32 Plate Mail Armor
49:08 Caravan
51:12 Champion
57:18 Onager
58:47 Siege Onager
73:24 Heavy Scorpion
75:22 Druzhina
75:25 Detinets
75:49 Conscription
75:52 Capped Ram
79:28 Siege Ram
81:51 Fletching
ari.works
15:35 Feudal Age
21:37 Wheelbarrow
24:50 Castle Age
23:27 Double-Bit Axe
25:35 Pikeman
25:39 Elite Skirmisher
27:17 Wheelbarrow
27:56 Bow Saw
35:45 Imperial Age
34:46 Hand Cart
35:16 Stone Mining
35:20 Gold Mining
35:30 Murder Holes
36:24 Caravan
38:27 Chemistry
37:53 Loom
40:28 Gold Shaft Mining
41:08 Cavalier
41:50 Husbandry
41:57 Halberdier
42:25 Gambesons
42:41 Squires
42:28 Arson
42:54 Paladin
43:49 Chivalry
44:26 Ballistics
44:44 Heavy Scorpion
46:43 Conscription
47:27 Scale Mail Armor
47:39 Forging
47:21 Fletching
47:32 Padded Archer Armor
47:38 Scale Barding Armor
49:28 Fortified Wall
49:25 Siege Engineers
51:30 Chain Barding Armor
51:28 Chain Mail Armor
51:51 Iron Casting
Connection lost

Rejoining the realm…

Still unreachable

The connection could not be restored.

Session expired

The server has moved on; the page needs a fresh start.